 Dungeon Crawl Stone Soup version 0.31-a0-1603-gbec6b6ccbf (webtiles) character file.

Game seed: 9963988396622893655

170 grandjackal the Trooper (level 5, 0/42 HPs)
             Began as a Demonspawn Fighter on Jan 8, 2024.
             Succumbed to an orc priest's poison
             ... on level 2 of the Dungeon.
             The game lasted 00:02:29 (2309 turns).

grandjackal the Trooper (Demonspawn Fighter)        Turns: 2309, Time: 00:02:30

Health: 0/42       AC:  9    Str: 18    XL:     5   Next: 26%
Magic:  5/5        EV:  9    Int:  9    God:
Gold:   67         SH:  4    Dex: 12    Spells: 4/4 levels left

rFire   . . .        a - +0 war axe
rCold   . . .        c - +0 buckler
rNeg    . . .        b - +0 scale mail
rPois   +            (no helmet)
rElec   .            i - +0 cloak
rCorr   .            (no gloves)
SInv    .            (no boots)
Will    .....        (no amulet) Stlth
                     l - ring of poison resistance
HPRegen 0.27/turn    (no ring)
MPRegen 0.18/turn

%: no passive effects
@: lethally poisoned (0 -> -8)
A: magic regeneration, sharp scales 1, weakness stinger 1
a: no special abilities


You were on level 2 of the Dungeon.
You visited 1 branch of the dungeon, and saw 3 of its levels.

You collected 109 gold pieces.
You spent 42 gold pieces at shops.

Inventory:

Hand Weapons
 a - a +0 war axe (weapon)
Armour
 b - a +0 scale mail (worn)
 c - a +0 buckler (worn)
 i - a +0 cloak (worn)
Jewellery
 l - a ring of poison resistance (left hand)
Wands
 j - a wand of charming (13)
Scrolls
 e - a scroll of brand weapon {unknown}
 f - 3 scrolls of identify {unknown}
 g - a scroll of fear {unknown}
 k - a scroll of revelation {unknown}
 m - 2 scrolls of noise {unknown}
 o - a scroll of teleportation {unknown}
 r - a scroll of blinking {unknown}
 s - a scroll of fog {unknown}
Potions
 d - a potion of might
 h - 3 potions of curing {unknown}
 n - a potion of magic {unknown}
 p - a potion of lignification {unknown}
 q - a potion of ambrosia {unknown}


   Skills:
 + Level 4.0 Fighting
 + Level 3.0 Axes
 - Level 3.3 Armour
 + Level 3.6 Shields


You had 4 spell levels left.
You didn't know any spells.
Your spell library contained the following spells:

 Spells                   Type           Power      Damage    Failure   Level
 Scorch                   Fire           0%         2d5       94%         2
 Gell's Gravitas          Tloc           0%         N/A       99%         3
 Inner Flame              Hex/Fire       0%         N/A       99%         3
 Teleport Other           Tloc           0%         N/A       99%         3
 Flame Wave               Conj/Fire      0%         2d4       100%        4
 Sticky Flame             Fire/Alch      0%         2d4       100%        4
 Dispersal                Tloc           0%         N/A       100%        6
 Summon Cactus Giant      Summ           0%         N/A       100%        6


Dungeon Overview and Level Annotations

Branches:
Dungeon (3/15)

Altars:
Trog

Shops:
D:1 :   D:2 *


Innate Abilities, Weirdness & Mutations

You regenerate magic rapidly.
You are partially covered in razor-sharp scales. (AC +1, Slay +1)
You have a small tail.


Message History

HP restored.
You climb downwards.
There is a stone staircase leading up here.
The orc priest hits you with a +0 whip of venom.
You climb upwards.
There is a stone staircase leading down here.
You barely miss the orc priest. The orc priest barely misses you.
The orc priest mumbles some strange prayers to Beogh against you.
Beogh smites you!
You closely miss the orc priest. The orc priest barely misses you.
You barely miss the orc priest.
The orc priest hits you with a +0 whip of venom.
You barely miss the orc priest.
The orc priest mumbles some strange prayers to Beogh against you.
Beogh smites you!
The orc priest invokes the aid of Beogh against you.
Beogh smites you!
* * * LOW HITPOINT WARNING * * *
You hit the orc priest but do no damage.
Your tail-slap misses the orc priest.
The orc priest hits you but does no damage.
You closely miss the orc priest.
The orc priest hits you with a +0 whip of venom.
* * * LOW HITPOINT WARNING * * *
You slash the orc priest!
The orc priest is heavily wounded.
You block the orc priest's attack.
The orc priest hits you but does no damage.
You hit the orc priest.
The orc priest is severely wounded.
The orc priest barely misses you.
You barely miss the orc priest.
The orc priest is severely wounded.
You block the orc priest's attack.
The orc priest hits you but does no damage.
You are lethally poisoned!
You closely miss the orc priest.
You tail-slap the orc priest, but do no damage.
The orc priest is severely wounded.
You die...

#†##.# #.######### #..#.#.
#.##.# #.........# #...#..
#.##.# #########.# #.#####
#.##[# #######.# #....# #.##.#
#.......# ####.# .....#
#.###.#.## #.#
#.##############.##.###.## #.#
#..................## ##.#####.#
#.#############[@...###.....##.#
#.### #[o###.#.####.##>#
#...###########..# ##.## #.##.#
#................# #.# #.##.#
###.####.#####...# #.# #)##.#
#.# #.# #...####.# #.##.# #.#
#.# #........# #.##.# #.# #.#
#..#.#########.##.# #.#
#.#####..#.#............#


You could see an orc priest.

Vanquished Creatures
  Jessica (D:2)
  6 adders
  A white imp (D:3)
  2 dart slugs
  A ribbon worm (D:2)
  3 orcs
  5 ball pythons
  4 endoplasms
  11 giant cockroaches
  6 goblins
  8 hobgoblins
  7 kobolds
  3 quokkas
  6 bats
  2 frilled lizards (D:2)
  3 rats
69 creatures vanquished.

Notes
Turn   | Place    | Note
-------+----------+-------------------------------------------
     0 | D:1      | grandjackal the Demonspawn Fighter began the quest for the
                  | Orb.
     0 | D:1      | Reached XP level 1. HP: 18/18 MP: 1/1
   187 | D:1      | Gained mutation: You regenerate magic rapidly. [demonic
                  | ancestry]
   187 | D:1      | Reached XP level 2. HP: 24/24 MP: 2/2
   326 | D:1      | You fall into a shaft and drop 1 floor!
   402 | D:2      | Noticed Jessica
   403 | D:2      | Found a bloodstained altar of Trog.
   410 | D:2      | Killed Jessica
   411 | D:2      | Gained mutation: You are partially covered in razor-sharp
                  | scales. (AC +1, Slay +1) [demonic ancestry]
   411 | D:2      | Reached XP level 3. HP: 20/29 MP: 3/3
   439 | D:2      | Gained mutation: You have a small tail. [demonic ancestry]
   439 | D:2      | Reached XP level 4. HP: 10/35 MP: 4/4
  1054 | D:1      | Found Rajasof's Book Shoppe.
  1236 | D:2      | Found Asezul's Assorted Antiques.
  1246 | D:2      | Bought a fizzy silvery potion for 14 gold pieces
  1246 | D:2      | Bought a cyan potion for 14 gold pieces
  1246 | D:2      | Bought a golden potion for 14 gold pieces
  2046 | D:3      | Reached XP level 5. HP: 42/42 MP: 5/5
  2078 | D:3      | Reached skill level 4 in Fighting
  2303 | D:2      | HP: 2/42 [orc priest/divine providence (12)]
  2309 | D:2      | Succumbed to an orc priest's poison

Illustrated notes

Levels and vault maps discovered:
D:1:      matt_arrival_grand_opening, layout_loops_ring, serial_shops, shop
D:2:      layout_loops_ring, basic_altar, serial_shops, nicolae_diamond_shop,
          bh_walls_and_bars, uniq_jessica
D:3:      minmay_roachtagon, layout_basic, serial_rivers,
          chequers_serial_rivers_marsh, chequers_serial_rivers_micro_d,
          chequers_serial_rivers_micro_e, chequers_serial_rivers_large_b,
          chequers_serial_rivers_large_a, chequers_serial_rivers_marsh,
          chequers_ecumenical_altar_lobes

Skill      XL: |  1  2  3  4  5 |
---------------+----------------+-----
Axes           | 2 3 |  3.0
Armour         | 3 |  3.3
Shields        | 3 |  3.6
Fighting       | 4 |  4.0

Action                     |  1- 3 |  4- 6 || total
---------------------------+-------+-------++-------
  Melee: War axe           |    50 |   126 ||   176
         Tailslap          |       |    12 ||    12
 Armour: Scale mail        |    40 |    89 ||   129
  Dodge: Dodged            |    21 |    59 ||    80
  Block: Buckler           |    10 |    32 ||    42

Table legend: (Time is in decaauts)
 A = Elapsed time spent in this place.
 B = Non-inter-level travel time spent in this place.
 C = Inter-level travel time spent in this place.
 D = Time resting spent in this place.
 E = Time spent auto-exploring this place.
 F = Levels seen in this place.
 G = Mean time per level.
                   A        B        C        D        E       F      G
               +--------+--------+--------+--------+--------+-----+--------+
         Total |   2436 |   2374 |     62 |    303 |   1594 |   3 |  812.0 |
       Dungeon |   2436 |   2374 |     62 |    303 |   1594 |   3 |  812.0 |
               +--------+--------+--------+--------+--------+-----+--------+

Top non-repeatable levels by time:
     D:2: 1112 daAuts
     D:1: 688 daAuts
     D:3: 635 daAuts
